 Dungeon Crawl Stone Soup version 0.28.0-43-g3370ac3207 (webtiles) character file.

Game seed: 6775551044152532082

126 croobank the Digger (level 5, 0/28 HPs)
             Began as a Gargoyle Earth Elementalist on Mar 17, 2022.
             Killed from afar by Grinder (8 damage)
             ... with a puff of flame
             ... on level 3 of the Dungeon.
             The game lasted 00:09:55 (3395 turns).

croobank the Digger (Gargoyle Earth Elementalist)   Turns: 3395, Time: 00:09:56

Health: 0/28       AC:  7    Str: 12    XL:     5   Next: 9%
Magic:  0/9        EV: 12    Int: 17    God:
Gold:   100        SH:  0    Dex: 10    Spells: 3/9 levels left

rFire   . . .      SeeInvis +   f - staff of air
rCold   . . .      Faith    .   (no shield)
rNeg    + . .      Spirit   .   b - +0 robe
rPois   ∞          Reflect  .   h - +0 helmet
rElec   +          Harm     .   (no cloak)
rCorr   +          Rampage  .   (no gloves)
Will    .....                   (no boots)
Stlth   ++........              (no amulet)
HPRegen 0.09/turn               k - ring of see invisible
MPRegen 0.11/turn               n - ring of resist corrosion

@: no status effects
A: sickness immunity, AC +4, negative energy resistance 1, electricity
resistance, torment resistance 1, petrification resistance
a: no special abilities


You were on level 3 of the Dungeon.
You visited 1 branch of the dungeon, and saw 3 of its levels.

You collected 100 gold pieces.

Inventory:

Hand Weapons
 m - a +0 war axe
 o - a +0 short sword
Missiles
 a - 32 sling bullets
 c - 66 stones
 g - 23 arrows
 i - 6 poisoned darts
Armour
 b - a +0 robe (worn)
 h - a +0 helmet (worn)
 q - a +0 leather armour
Magical Staves
 f - a staff of air (weapon)
Jewellery
 k - a ring of see invisible (left hand)
 n - a ring of resist corrosion (right hand)
Scrolls
 d - 2 scrolls of amnesia {unknown}
 j - a scroll of enchant weapon {unknown}
 l - a scroll of fear {unknown}
 p - a scroll of teleportation {unknown}
Potions
 e - a potion of flight {unknown}


   Skills:
 + Level 2.3 Dodging
 + Level 3.3 Stealth
 + Level 2.7 Spellcasting
 + Level 1.8 Transmutations
 + Level 4.4 Earth Magic


You had 3 spell levels left.
You knew the following spells:

 Your Spells              Type           Power      Damage    Failure   Level
a - Sandblast             Erth           34%        2d9       3%          1
b - Passwall              Tmut/Erth      10%        N/A       8%          2
c - Stone Arrow           Conj/Erth      18%        3d8       22%         3

Your spell library contained the following spells:

 Spells                   Type           Power      Damage    Failure   Level
 Petrify                  Tmut/Erth      12%        N/A       45%         4


Dungeon Overview and Level Annotations

Branches:
Dungeon (3/15)

Altars:

Annotations:
D:3 Grinder


Innate Abilities, Weirdness & Mutations

You are immune to sickness and miasma.
Your stone body is resilient. (AC +4)
You are immune to poison.
You resist negative energy. (rN+)
You are resistant to electric shocks. (rElec)
You are resistant to unholy torment.
You are immune to petrification.


Message History

Grinder shouts!
Casting: Sandblast (safe; 3% risk of failure)
Confirm with . or Enter, or press ? or * to list all spells.
Okay, then.
Grinder zaps a wand.
The puff of flame hits you!
Casting: Sandblast (safe; 3% risk of failure)
Confirm with . or Enter, or press ? or * to list all spells.
The spell is quite dangerous to miscast (22% risk of failure)!
Continue anyway?
Aiming: Stone Arrow (quite dangerous; 22% risk of failure)
Press: ? - help, Shift-Dir - straight line, f - Grinder
Aim: Grinder, carrying a wand of flame (20) (60% to hit)
The stone arrow misses Grinder.
Casting: Stone Arrow (quite dangerous; 22% risk of failure)
Confirm with . or Enter, or press ? or * to list all spells.
The spell is quite dangerous to miscast (22% risk of failure)!
Continue anyway?
Aiming: Stone Arrow (quite dangerous; 22% risk of failure)
Press: ? - help, Shift-Dir - straight line, f/p - Grinder
Aim: Grinder, carrying a wand of flame (20) (60% to hit)
The stone arrow hits Grinder!
Grinder is moderately wounded.
Grinder gestures at you. Pain shoots through your body!
Casting: Stone Arrow (quite dangerous; 22% risk of failure)
Confirm with . or Enter, or press ? or * to list all spells.
The spell is quite dangerous to miscast (22% risk of failure)!
Continue anyway?
Aiming: Stone Arrow (quite dangerous; 22% risk of failure)
Press: ? - help, Shift-Dir - straight line, f/p - Grinder
Aim: Grinder, carrying a wand of flame (20) (moderately wounded, 60% to hit)
The stone arrow hits Grinder!
Grinder is severely wounded.
Casting: Stone Arrow (quite dangerous; 22% risk of failure)
Confirm with . or Enter, or press ? or * to list all spells.
You don't have enough magic to cast this spell.
Grinder zaps a wand.
The puff of flame hits you.
Grinder zaps a wand.
The puff of flame hits you!
* * * LOW HITPOINT WARNING * * *
You closely miss Grinder.
Grinder is severely wounded.
Grinder zaps a wand.
The puff of flame hits you!
You die...

##. #.# #.. #.#
####.. #.#
#####..... ...
#.....†.## #.#
######.#.## #.#
###. #......## #5#
#..# #.##..... #@#
#..###.#..#...
#.###.##.....##...
#.#......##.###...
##...#######.#
#... ########..###
#.# #...
#..........# ###
#... #..........#
#### #..........#
#..........#


You could see Grinder.

Vanquished Creatures
  An orc priest (D:2)
  2 adders (D:2)
  6 dart slugs
  4 orcs (D:2)
  3 ball pythons
  5 bats
  3 endoplasms
  3 giant cockroaches
  4 goblins
  4 hobgoblins
  3 jackals
  4 quokkas
  5 frilled lizards
  6 kobolds
  5 rats
58 creatures vanquished.

Notes
Turn   | Place    | Note
-------+----------+-------------------------------------------
     0 | D:1      | croobank the Gargoyle Earth Elementalist began the quest
                  | for the Orb.
     0 | D:1      | Reached XP level 1. HP: 10/10 MP: 3/3
   274 | D:1      | Reached skill level 1 in Transmutations
   274 | D:1      | Reached XP level 2. HP: 15/15 MP: 3/5
   316 | D:1      | Learned a level 2 spell: Passwall
   828 | D:1      | Reached XP level 3. HP: 19/19 MP: 4/6
   908 | D:1      | Learned a level 3 spell: Stone Arrow
  1022 | D:1      | Reached skill level 4 in Earth Magic
  1943 | D:2      | Reached XP level 4. HP: 16/24 MP: 7/7
  3132 | D:3      | Reached XP level 5. HP: 27/28 MP: 6/9
  3387 | D:3      | Noticed Grinder
  3395 | D:3      | Killed from afar by Grinder

Illustrated notes

Levels and vault maps discovered:
D:1:      wheals_arrival_linesprint, layout_basic
D:2:      layout_basic
D:3:      layout_rooms, grunt_decor_resistance, uniq_grinder

Skill      XL: |  1  2  3  4 |
---------------+-------------+-----
Transmutations | 1 |  1.8
Earth Magic    | 4 |  4.4
Dodging        | 2 |  2.3
Stealth        | 3 |  3.3
Spellcasting   | |  2.7

Action                   |  1- 3 |  4- 6 || total
-------------------------+-------+-------++-------
Melee: Unarmed           |     9 |       ||     9
       Staff             |    13 |   100 ||   113
       Punch             |     1 |     1 ||     2
 Cast: Sandblast         |    33 |    15 ||    48
       Stone Arrow       |       |     3 ||     3
 Stab: Sleeping          |     1 |     3 ||     4
Armor: Robe              |    11 |    47 ||    58
Dodge: Dodged            |    14 |    89 ||   103
